 Dungeon Crawl Stone Soup version 0.31-a0-543-geaa9c7a2c0 (webtiles) character file.

Game seed: 5876575454743086967

2 GordonOverkill the Sneak (level 1, 0/11 HPs)
             Began as a Vine Stalker Delver on Aug 15, 2023.
             Was an Initiate of Makhleb.
             Slain by a centaur (3 damage)
             ... on level 8 of the Dungeon.
             The game lasted 00:02:08 (403 turns).

GordonOverkill the Sneak (Vine Stalker Delver)       Turns: 403, Time: 00:02:08

Health: 0/11       AC:  6    Str: 14    XL:     1   Next: 30%
Magic:  0/2        EV: 11    Int: 10    God:    Makhleb [......]
Gold:   55         SH:  0    Dex: 15    Spells: 0/0 levels left

rFire   . . .        o - +0 flail
rCold   . . .        (no shield)
rNeg    . . .        b - +0 leather armour
rPois   +            (no helmet)
rElec   .            q - +2 cloak {rPois}
rCorr   .            (no gloves)
SInv    .            (no boots)
Will    .....        (no amulet)
Stlth   +++          k - ring of flight
HPRegen 0.21/turn    (no ring)
MPRegen 0.08/turn

%: guardian spirit
@: flying, hasted, very quick
A: fangs 2, magic shield, antimagic bite, no potion heal 2
a: Renounce Religion


You were on level 8 of the Dungeon.
You worshipped Makhleb.
Makhleb was noncommittal.
You visited 2 branches of the dungeon, and saw 5 of its levels.

You collected 55 gold pieces.

Inventory:

Hand Weapons
 o - a +0 flail (weapon)
Missiles
 a - a boomerang
Armour
 b - a +0 leather armour (worn)
 m - a +0 chain mail
 q - a +2 cloak of poison resistance (worn)
Jewellery
 k - a ring of flight (left hand)
Wands
 g - a wand of digging (3)
 l - a wand of polymorph (5)
 p - a wand of iceblast (2)
Scrolls
 c - a scroll of fog
 d - 2 scrolls of revelation
 e - 2 scrolls of fear
 j - 2 scrolls of identify {unknown}
 n - a scroll of acquirement {unknown}
Potions
 f - a potion of haste
 h - a potion of degeneration {unknown}
 i - 2 potions of curing {unknown}


   Skills:
 + Level 2.7 Fighting
 - Level 1.7 Maces & Flails
 + Level 0.0 Throwing
 - Level 1.5 Dodging
 - Level 6.0 Stealth
 + Level 0.3 Invocations
 + Level 0.0 Evocations


You couldn't memorise any spells.
You didn't know any spells.
Your spell library was empty.

Dungeon Overview and Level Annotations

Branches:
Dungeon (8/15)             Temple (1/1) D:6
   Lair: D:8-11

Altars:
Ashenzari
Elyvilon
Gozag
Hepliaklqana
Kikubaaqudgha
Makhleb
Nemelex Xobeh
Okawaru
Qazlal
Ru
Sif Muna
Vehumet
Wu Jian
Xom
Yredelemnul
Zin
The Shining One

Shops:
D:5 *


Innate Abilities, Weirdness & Mutations

You have extremely sharp teeth.
When hurt, damage is shared between your health and your magic reserves.
Your bite disrupts and absorbs the magic of your enemies.
Potions cannot restore your health.


Message History

There is a stone staircase leading up here.
Found a glowing silver altar of Zin.
The angel shouts!
Found 10 gold pieces.
Found a shimmering altar of Xom.
You now have 55 gold pieces (gained 10).
Found a stone staircase leading down.
The angel lectures the ground at length about the eternal Law.
There is a stone staircase leading down here.
The angel stares off into space for a moment.
You fly downwards.
The centaur shouts!
Found 4 large rocks.
There is a stone staircase leading up here.
The centaur wields a +0 orcbow.
The centaur shoots an arrow.
The arrow barely misses you.
The centaur unwields a +0 orcbow.
The centaur barely misses you. The centaur kicks you.
You hit the centaur.
The centaur is moderately wounded.
The centaur hits you. The centaur barely misses you. The centaur hits you.
* * * LOW HITPOINT WARNING * * *
The centaur closely misses you.
You feel yourself speed up.
The centaur hits you but does no damage.
The centaur closely misses you.
The centaur hits you but does no damage.
The centaur kicks you.
* * * LOW HITPOINT WARNING * * *
You barely miss the centaur. You bite the centaur, but do no damage.
The centaur is moderately wounded.
The centaur barely misses you. The centaur kicks you.
You hit the centaur but do no damage.
The centaur is lightly wounded.
The centaur barely misses you. The centaur closely misses you.
The centaur completely misses you. The centaur barely misses you.
You barely miss the centaur. You bite the centaur, but do no damage.
The centaur is lightly wounded.
The centaur hits you.
You die...

###########
#......<..#
#....(....#
#......@..#
+......c..+
#.........#
#.........#
#..........
#...........
##########...
....


You could see a centaur.

Vanquished Creatures
  An orc (D:6)
1 creature vanquished.

Notes
Turn   | Place    | Note
-------+----------+-------------------------------------------
     0 | D:5      | GordonOverkill the Vine Stalker Delver began the quest for
                  | the Orb.
     0 | D:5      | Reached XP level 1. HP: 11/11 MP: 2/2
    59 | D:5      | Noticed an iguana
   140 | D:6      | Noticed a sleepcap
   159 | D:6      | Found a staircase to the Ecumenical Temple.
   168 | Temple   | Entered the Ecumenical Temple
   173 | Temple   | Became a worshipper of Makhleb the Destroyer
   207 | D:5      | Found Gautogoll's Overcharged Wands.
   208 | D:5      | Noticed an orc wizard
   209 | D:5      | Noticed an orc priest
   291 | D:6      | Noticed an iguana
   378 | D:7      | Found a glowing silver altar of Zin.
   378 | D:7      | Noticed an angel
   381 | D:7      | Found a shimmering altar of Xom.
   396 | D:8      | Noticed a centaur
   403 | D:8      | Slain by a centaur

Illustrated notes

Levels and vault maps discovered:
D:5:      layout_basic, eat_drink_and_be_merry_uskayaw,
          nicolae_shop_overcharged_wands
D:6:      layout_loops_ring, minmay_temple_entry_statues_fountains
D:7:      layout_basic, grunt_temple_overflow_order_and_chaos_1,
          chequers_serial_rivers_micro_b, nrook_uturn, uniq_jeremiah
D:8:      layout_basic, nicolae_overflow_hidden_temple, feat_on_display,
          uniq_maurice
Temple:   minmay_freezing_vapour_temple

Action                     || total
---------------------------++-------
  Melee: Flail             ||     6
         Bite              ||     2
    Use: Potion            ||     1
 Armour: Leather armour    ||     2
  Dodge: Dodged            ||    10

Table legend: (Time is in decaauts)
 A = Elapsed time spent in this place.
 B = Non-inter-level travel time spent in this place.
 C = Inter-level travel time spent in this place.
 D = Time resting spent in this place.
 E = Time spent auto-exploring this place.
 F = Levels seen in this place.
 G = Mean time per level.
                   A        B        C        D        E       F      G
               +--------+--------+--------+--------+--------+-----+--------+
         Total |    402 |    383 |     19 |     43 |     11 |   5 |   80.4 |
       Dungeon |    391 |    376 |     15 |     43 |     11 |   4 |   97.8 |
        Temple |     10 |      6 |      4 |      0 |      0 |   1 |   10.0 |
               +--------+--------+--------+--------+--------+-----+--------+

Top non-repeatable levels by time:
     D:6: 279 daAuts
     D:5: 83 daAuts
     D:7: 21 daAuts
  Temple: 10 daAuts
     D:8: 6 daAuts
